 Dungeon Crawl Stone Soup version 0.26.1-11-gd32895ea62 (webtiles) character file.

Game seed: 14780188155791669129

72 manyhoops the Ruffian (level 4, 0/38 HPs)
             Began as a Palentonga Transmuter on Apr 15, 2021.
             Slain by a gnoll
             ... wielding a +0 club of chaos
              (8 damage)
             ... on level 3 of the Dungeon.
             The game lasted 00:03:17 (2654 turns).

manyhoops the Ruffian (Palentonga Transmuter)       Turns: 2654, Time: 00:03:17

Health: 0/38       AC:  4    Str: 12    XL:     4   Next: 7%
Magic:  7/7        EV: 10    Int: 13    God:
Gold:   142        SH:  0    Dex: 11    Spells: 4/7 levels left

rFire    . . .     SeeInvis +     - Unarmed
rCold    . . .     Faith    .   (no shield)
rNeg     . . .     Spirit   .   m - +0 robe (curse)
rPois    .         Reflect  .   (helmet restricted)
rElec    .         Harm     .   (no cloak)
rCorr    +         Rampage  .   (no gloves)
Will     .....                  (no barding)
Stlth    ++........             o - amulet of inaccuracy (curse)
HPRegen  0.12/turn              e - ring of stealth
MPRegen  0.10/turn              k - ring of resist corrosion

@: mighty
A: large, horns 1, rugged brown scales 3, see invisible, deformed body, weak 1,
roll 1, armoured tail
a: Rolling Charge


You were on level 3 of the Dungeon.
You visited 1 branch of the dungeon, and saw 3 of its levels.

You collected 142 gold pieces.

Inventory:

Armour
 l - a +0 helmet
 m - a cursed +0 robe (worn)
Jewellery
 e - a ring of stealth (left hand)
 k - a ring of resist corrosion (right hand)
 o - a cursed amulet of inaccuracy (around neck)
Scrolls
 b - a scroll of remove curse
 d - 3 scrolls of magic mapping
 f - a scroll of enchant armour {unknown}
 j - a scroll of fog
 n - a scroll of fear {unknown}
Potions
 a - a potion of attraction {unknown}
 g - 2 potions of cancellation {unknown}
 h - 4 potions of curing {unknown}
 i - a potion of heal wounds {unknown}


   Skills:
 * Level 2.2 Fighting
 - Level 1.5 Dodging
 + Level 4.5 Unarmed Combat
 - Level 2.0 Spellcasting
 - Level 2.0 Transmutations


You had 4 spell levels left.
You knew the following spells:

 Your Spells              Type           Power        Failure   Level
a - Beastly Appendage     Tmut           12%          11%         1
b - Wereblood             Tmut           6%           17%         2

Your spell library contained the following spells:

 Spells                   Type           Power        Failure   Level
 Spider Form              Tmut/Pois      1%           45%         3
 Ice Form                 Ice/Tmut       3%           86%         4
 Blade Hands              Tmut           3%           97%         5


Dungeon Overview and Level Annotations

Branches:
Dungeon (3/15)

Altars:
Xom


Innate Abilities, Weirdness & Mutations

You are completely covered in rugged brown scales. (AC +3, +7% HP)
You have supernaturally acute eyesight. (SInv)
Armour fits poorly on your strangely shaped body.
You can roll at nearby foes to attack.
You have a long armoured tail.
You have a pair of small horns on your head.
You are weak. (Str -2)


Message History

The gnoll closely misses you.
You continue putting on your triangular jade amulet.
The gnoll misses you.
The gnoll hits you from afar with a +2 spear of chaos.
You are electrocuted!!
You continue putting on your triangular jade amulet.
The gnoll closely misses you. The gnoll hits you but does no damage.
You feel very mighty all of a sudden.
You finish putting on your cursed amulet of inaccuracy.
Oops, that amulet feels deathly cold.
o - a cursed amulet of inaccuracy (around neck)
Okay, then.
The gnoll hits you with a +0 club of chaos!
* * * LOW HITPOINT WARNING * * *
The gnoll barely misses you.
Unknown command.
It was a potion of might.
You feel mightier all of a sudden.
The gnoll hits you with a +0 club of chaos!
You die...

#.# .. #.# #.. #.#
#.. #.# #..
#.###### ###..#
#.#....# .....
#.#.##.#
#####..####g#.##.#
#........g@...##.#
#.####..###.#.##.##
#..# #.......# #..#
######### #..#
#####.###
###...≈#.##≈
##≈#..≈≈.#≈..#
#....⌠.##.#≈..≈.


You could see 2 gnolls.

Vanquished Creatures
  2 adders
  2 worms (D:2)
  A dart slug (D:2)
  4 leopard geckos
  A ball python (D:1)
  4 giant cockroaches
  4 goblins
  6 hobgoblins
  2 quokkas (D:2)
  6 bats
  A frilled lizard (D:2)
  2 kobolds (D:1)
  5 rats
40 creatures vanquished.

Notes
Turn   | Place    | Note
-------+----------+-------------------------------------------
     0 | D:1      | manyhoops the Palentonga Transmuter began the quest for the
                  | Orb.
     0 | D:1      | Reached XP level 1. HP: 17/17 MP: 3/3
   189 | D:1      | Reached XP level 2. HP: 24/24 MP: 5/5
  1070 | D:2      | Gained mutation: You evolve. [potion of mutation]
  1070 | D:2      | Gained mutation: You have a pair of small horns on your
                  | head. [potion of mutation]
  1071 | D:2      | Lost mutation: You have a pair of small horns on your head.
                  | [potion of mutation]
  1071 | D:2      | Lost mutation: You evolve. [potion of mutation]
  1071 | D:2      | Gained mutation: You are weak. (Str -2) [potion of
                  | mutation]
  1071 | D:2      | Gained mutation: You have a pair of small horns on your
                  | head. [potion of mutation]
  1292 | D:2      | Reached XP level 3. HP: 28/31 MP: 4/6
  1381 | D:2      | Reached skill level 4 in Unarmed Combat
  2326 | D:3      | Found a shimmering altar of Xom.
  2437 | D:3      | Learned a level 2 spell: Wereblood
  2481 | D:3      | Reached XP level 4. HP: 32/38 MP: 5/7
  2654 | D:3      | Slain by a gnoll

Illustrated notes

Levels and vault maps discovered:
D:1:      lemuel_arrival_cross, layout_loops_ring
D:2:      layout_loops_corners
D:3:      layout_basic, tgw_xom, serial_co_window_serial, co_window_corner_a,
          co_window_paths_a, co_window_paths_b, co_window_paths_b,
          co_window_corner_a, co_window_cross_1, co_window_corner_b,
          co_window_unsneaky_path_b, co_window_corner_cb, glass_columns_a,
          glass_columns_a

Skill      XL: |  1  2  3 |
---------------+----------+-----
Unarmed Combat | 4 |  4.5
Fighting       | 2 |  2.2
Dodging        | |  1.5
Spellcasting   | |  2.0
Transmutations | |  2.0

Action                   |  1- 3 |  4- 6 || total
-------------------------+-------+-------++-------
Melee: Unarmed           |   131 |       ||   131
       Tailslap          |     9 |       ||     9
       Headbutt          |    14 |       ||    14
       Kick              |     7 |       ||     7
       Punch             |     3 |       ||     3
 Cast: Beastly Appendage |    18 |       ||    18
  Use: Scroll            |     6 |       ||     6
       Potion            |     2 |     1 ||     3
 Stab: Sleeping          |     2 |       ||     2
Armor: Robe              |    46 |     1 ||    47
Dodge: Dodged            |    69 |     4 ||    73
